 Dungeon Crawl Stone Soup version 0.30-a0-118-ga018f8e90f (webtiles) character file.

Game seed: 3831445184561653579

134 mdonais the Trooper (level 5, -2/57 HPs)
             Began as an Ogre Warper on Sept 13, 2022.
             Slain by a water moccasin (4 damage)
             ... in a sewer.
             The game lasted 00:08:40 (2780 turns).

mdonais the Trooper (Ogre Warper)                   Turns: 2780, Time: 00:08:40

Health: -2/57      AC:  3    Str: 16    XL:     5   Next: 17%
Magic:  6/8        EV:  9    Int: 18    God:
Gold:   145        SH:  0    Dex:  7    Spells: 2/8 levels left

rFire   . . .      SeeInvis .    a - +1 mace
rCold   . . .      Faith    .    (no shield)
rNeg    . . .      Spirit   .    b - +0 robe
rPois   .          Reflect  .    (helmet restricted)
rElec   .          Harm     .    (no cloak)
rCorr   .          Rampage  .    (gloves unavailable)
Will    .....                    (boots unavailable)
Stlth   +.........               (no amulet)
HPRegen 0.99/turn                (no ring)
MPRegen 0.11/turn                (no ring)

@: lethally poisoned (-2 -> -2), about to teleport
A: large, unfitting armour, tough skin 1, horns 1, clever 1, regeneration 1
a: no special abilities


You were in a sewer.
You visited 1 branch of the dungeon, and saw 3 of its levels.
You also visited: Sewer.

You collected 145 gold pieces.

Inventory:

Hand Weapons
 a - a +1 mace (weapon)
 d - a +1 dagger of venom
   (You took it off a goblin on level 3 of the Dungeon)
Missiles
 k - 6 poisoned darts (quivered)
 K - 6 boomerangs of dispersal
Armour
 b - a +0 robe (worn)
Magical Staves
 l - a staff of cold
   (You found it on level 2 of the Dungeon)
Scrolls
 e - 2 scrolls of enchant armour
 f - a scroll of amnesia
 g - a scroll of butterflies
 T - a scroll of teleportation


   Skills:
 + Level 5.2 Fighting
 + Level 3.5 Maces & Flails
 + Level 1.0 Throwing
 - Level 2.1 Dodging
 - Level 2.4 Spellcasting
 + Level 2.6 Translocations


You had 2 spell levels left.
You knew the following spells:

 Your Spells              Type           Power      Damage    Failure   Level
a - Blink                 Tloc           22%        N/A       9%          2
b - Apportation           Tloc           22%        N/A       6%          1
c - Teleport Other        Tloc           11%        N/A       17%         3

Your spell library contained the following spells:

 Spells                   Type           Power      Damage    Failure   Level
 Gell's Gravitas          Tloc           11%        N/A       17%         3
 Lesser Beckoning         Tloc           11%        N/A       17%         3
 Portal Projectile        Hex/Tloc       14%        N/A       30%         3
 Call Canine Familiar     Summ           2%         N/A       45%         3
 Manifold Assault         Tloc           11%        N/A       50%         4
 Leda's Liquefaction      Hex/Erth       1%         N/A       86%         4
 Alistair's Intoxication  Tmut/Pois      1%         N/A       99%         5


Dungeon Overview and Level Annotations

Branches:
Dungeon (3/15) Zot: 15278   Sewer (1/1) Zot: 5902

Altars:


Innate Abilities, Weirdness & Mutations

You are too large for most types of armour.
You have tough skin. (AC +1)
You have a pair of small horns on your head.
Your mind is acute. (Int +4, Str/Dex -1)
Your natural rate of healing is unusually fast.


Message History

The jackal is heavily wounded.
You kill the jackal!
No target in view!
You enter the shallow water.
Moving in this stuff is going to be slow.
Found a scroll labelled ZEMAIKESIUQ.
You see here a jackal corpse.
Found a scroll of enchant armour.
k - 3 poisoned darts (gained 1)
Found a coppery potion.
Found a potion of mutation.
k - 4 poisoned darts (gained 1)
k - 6 poisoned darts (gained 2)
m - a scroll labelled ZEMAIKESIUQ
e - 2 scrolls of enchant armour (gained 1)
n - a coppery potion
o - a potion of mutation
Okay, then.
You enter the shallow water.
Moving in this stuff is going to be slow.
You enter the shallow water.
Moving in this stuff is going to be slow.
You enter the shallow water.
Moving in this stuff is going to be slow.
You aren't carrying any items that you can evoke.
You enter the shallow water.
Moving in this stuff is going to be slow.
You enter the shallow water.
Moving in this stuff is going to be slow.
You enter the shallow water.
Moving in this stuff is going to be slow.
A water moccasin comes into view.
Found a scroll labelled QAUNUSSIOSIOR and 10 gold pieces.
The water moccasin hisses angrily.
Found 4 javelins.
You aren't carrying any items that you can evoke.
It was a potion of curing.
You feel better.
Q - 2 potions of curing It was a potion of flight.
You feel very buoyant.
You fly up into the air.
The water moccasin closely misses you.
It was a potion of attraction.
You feel attractive to monsters. The water moccasin bites you!
You are poisoned.
The water moccasin poisons you!
You take 9 damage, and have 48/57 hp.
You miss the water moccasin. Your kick misses the water moccasin.
You feel very sick.
The water moccasin bites you but does no damage.
The water moccasin closely misses you.
You take 3 damage, and have 45/57 hp.
You barely miss the water moccasin. Your kick misses the water moccasin.
You feel sick. The water moccasin closely misses you.
The water moccasin bites you but does no damage.
You take 2 damage, and have 43/57 hp.
You hit the water moccasin but do no damage.
Your kick misses the water moccasin.
You feel sick.
The water moccasin bites you but does no damage.
The water moccasin closely misses you.
You take 2 damage, and have 41/57 hp.
You barely miss the water moccasin.
You feel sick. The water moccasin bites you!
You take 10 damage, and have 31/57 hp.
You hit the water moccasin. Your kick misses the water moccasin.
The water moccasin is lightly wounded.
You feel sick. The water moccasin bites you. x2
You take 8 damage, and have 23/57 hp.
You feel better. The water moccasin bites you.
You are poisoned.
The water moccasin poisons you!
You regained 3 hp, and now have 26/57 hp.
You feel yourself speed up.
You feel very sick. The water moccasin misses you.
The water moccasin closely misses you.
You take 3 damage, and have 23/57 hp.
You miss the water moccasin. Your kick misses the water moccasin.
The water moccasin is lightly wounded.
You feel sick. The water moccasin bites you.
* * * LOW HITPOINT WARNING * * *
You take 6 damage, and have 17/57 hp.
You miss the water moccasin. Your kick misses the water moccasin.
The water moccasin is lightly wounded.
You feel sick. The water moccasin bites you.
* * * LOW HITPOINT WARNING * * *
You take 5 damage, and have 12/57 hp.
You feel better. The water moccasin barely misses you.
You regained 6 hp, and now have 18/57 hp.
You closely miss the water moccasin.
The water moccasin is lightly wounded.
The water moccasin bites you.
* * * LOW HITPOINT WARNING * * *
You are lethally poisoned!
The water moccasin poisons you!
You take 1 damage, and have 17/57 hp.
Cast which spell? (? or * to list)
You blink.
Found a robe and an inky potion.
* * * LOW HITPOINT WARNING * * *
You feel very sick.
You take 2 damage, and have 15/57 hp.
You now have 6/8 mp.
It was a potion of cancellation.
Your magical effects are unravelling.
You feel magically purged.
You feel yourself slow down.
You float gracefully downwards.
* * * LOW HITPOINT WARNING * * *
You feel very sick.
The water moccasin is attracted toward you.
You feel less attractive to monsters.
You take 3 damage, and have 12/57 hp.
As you read the scroll labelled MOHUBYOSIL, it crumbles to dust.
Wisps of shadow whirl around you...
It was a scroll of summoning.
* * * LOW HITPOINT WARNING * * *
You feel very sick. The water moccasin barely misses you.
You take 3 damage, and have 9/57 hp.
Okay, then.
Unknown command.
As you read the scroll labelled ZEMAIKESIUQ, it crumbles to dust.
It is a scroll of enchant weapon.
Your +0 mace glows red for a moment.
* * * LOW HITPOINT WARNING * * *
You feel sick. The water moccasin closely misses you.
Your quokka closely misses the water moccasin.
Your ball python bites the water moccasin.
Your ball python closely misses the water moccasin.
Your ball python bites the water moccasin.
Your ball python barely misses the water moccasin.
The water moccasin bites your ball python.
Your ball python dies!
Your ball python's corpse dissolves into shadows!
The water moccasin hisses angrily.
You take 2 damage, and have 7/57 hp.
Really quaff the potion of mutation?
You feel extremely strange.
Your hooves expand and flesh out into feet!
Your magical essence no longer links to wands of the dungeon.
You begin to heal more quickly.
A pair of horns grows on your head!
You feel clever.
You feel sick. The water moccasin bites you.
* * * LOW HITPOINT WARNING * * *
Your quokka bites the water moccasin.
Your ball python closely misses the water moccasin.
Your ball python barely misses the water moccasin.
You take 4 damage, and have 3/57 hp.
As you read the scroll of teleportation, it crumbles to dust.
You feel strangely unstable.
You feel stable enough to blink again.
You feel sick. The water moccasin bites you.
You die...

########
###.~....### ####
#...~..~...####!r#
...~####.....##S@#
.~### ###...~S###
.## ##......#
.~### #~~.~.###
....# ....##~?#
#.~.~~.. ..### $#
##....~ # # #####


You could see a water moccasin (ally target), a friendly quokka (summoned) and a
friendly ball python (summoned).

Vanquished Creatures
  4 gnolls (D:2)
  2 adders (D:2)
  5 orcs (D:3)
  A bat (D:1)
  6 endoplasms
  3 giant cockroaches
  2 hobgoblins (D:2)
  5 jackals
  10 quokkas
  5 ball pythons
  3 frilled lizards
  7 goblins
  8 kobolds
  4 rats (D:2)
65 creatures vanquished.

Notes
Turn   | Place    | Note
-------+----------+-------------------------------------------
     0 | D:1      | mdonais the Ogre Warper began the quest for the Orb.
     0 | D:1      | Reached XP level 1. HP: 22/22 MP: 3/3
    73 | D:1      | Reached skill level 3 in Fighting
   341 | D:1      | Reached XP level 2. HP: 27/31 MP: 5/5
   344 | D:1      | Learned a level 2 spell: Blink
   483 | D:1      | Gained mutation: You expend magic power (3 MP) to
                  | strengthen your wands. [potion of mutation]
   483 | D:1      | Gained mutation: You have large cloven feet. [potion of
                  | mutation]
  1344 | D:2      | Reached XP level 3. HP: 39/39 MP: 6/6
  1452 | D:2      | Reached skill level 4 in Fighting
  1688 | D:2      | Learned a level 1 spell: Apportation
  1692 | D:2      | Learned a level 3 spell: Teleport Other
  1772 | D:2      | Reached XP level 4. HP: 48/49 MP: 7/7
  2530 | D:3      | Reached skill level 5 in Fighting
  2558 | D:3      | Reached XP level 5. HP: 54/57 MP: 8/8
  2657 | D:3      | Found a glowing drain.
  2687 | Sewer    | Entered a sewer
  2759 | Sewer    | Noticed a water moccasin
  2779 | Sewer    | Lost mutation: You have large cloven feet. [potion of
                  | mutation]
  2779 | Sewer    | Lost mutation: You expend magic power (3 MP) to strengthen
                  | your wands. [potion of mutation]
  2779 | Sewer    | Gained mutation: Your natural rate of healing is unusually
                  | fast. [potion of mutation]
  2779 | Sewer    | Gained mutation: You have a pair of small horns on your
                  | head. [potion of mutation]
  2779 | Sewer    | Gained mutation: Your mind is acute. (Int +4, Str/Dex -1)
                  | [potion of mutation]
  2780 | Sewer    | HP: 2/57 [poisoned by a water moccasin]
  2780 | Sewer    | Slain by a water moccasin

Illustrated notes

Levels and vault maps discovered:
D:1:      matt_arrival_debris, layout_rooms
D:2:      layout_rooms
D:3:      layout_loops_ring, gup_sewer_entry_pipe, st_stairs_14,
          hangedman_abyss_or_decor_lesser_grid, uniq_jessica
Sewer:    sewer_the_moccasin

Skill      XL: |  1  2  3  4 |
---------------+-------------+-----
Fighting       | 3 4 5 |  5.2
Maces & Flails | 2 3 |  3.5
Throwing       | |  1.0
Dodging        | |  2.1
Spellcasting   | |  2.4
Translocations | |  2.6

Action                   |  1- 3 |  4- 6 || total
-------------------------+-------+-------++-------
Melee: Mace              |   106 |    74 ||   180
       Kick              |     3 |    16 ||    19
       Punch             |       |     1 ||     1
Throw: Boomerang         |     1 |       ||     1
       Dart              |       |     8 ||     8
 Cast: Blink             |       |     1 ||     1
  Use: Potion            |     2 |     8 ||    10
       Scroll            |     1 |     7 ||     8
Armor: Robe              |    40 |    15 ||    55
Dodge: Dodged            |    48 |    31 ||    79

Table legend: (Time is in decaauts)
 A = Elapsed time spent in this place.
 B = Non-inter-level travel time spent in this place.
 C = Inter-level travel time spent in this place.
 D = Time resting spent in this place.
 E = Time spent auto-exploring this place.
 F = Levels seen in this place.
 G = Mean time per level.
                   A        B        C        D        E       F      G
               +--------+--------+--------+--------+--------+-----+--------+
         Total |   2818 |   2792 |     26 |    682 |   1300 |   4 |  704.5 |
       Dungeon |   2721 |   2695 |     26 |    682 |   1282 |   3 |  907.0 |
         Sewer |     97 |     97 |      0 |      0 |     18 |   1 |   97.0 |
               +--------+--------+--------+--------+--------+-----+--------+

Top non-repeatable levels by time:
     D:1: 1642 daAuts
     D:2: 851 daAuts
     D:3: 228 daAuts
   Sewer: 97 daAuts
